 Dungeon Crawl Stone Soup version 0.23-a0-449-g8e4cbf7 (webtiles) character file.

119 Lavandula the Gusty (level 5, 0/42 HPs)
             Began as a Naga Air Elementalist on Nov 22, 2018.
             Slain by a hound (1 damage)
             ... on level 4 of the Dungeon.
             The game lasted 00:02:47 (494 turns).

Lavandula the Gusty (Naga Air Elementalist)          Turns: 494, Time: 00:02:48

Health: 0/42       AC:  5    Str: 10    XL:     5   Next: 3%
Magic:  0/9        EV: 10    Int: 17    God:
Gold:   62         SH:  0    Dex: 11    Spells: 7/10 levels left

rFire    . . .     SeeInvis +   e - +0 falchion
rCold    . . .     Gourm    .   (no shield)
rNeg     . . .     Faith    .   a - +0 robe
rPois    +         Spirit   .   d - +2 helmet
rElec    .         Reflect  .   (no cloak)
rCorr    .         Harm     .   (no gloves)
MR       .....                  (no barding)
Stlth    ++........             (no amulet)
HPRegen  0.14/turn              (no ring)
MPRegen  0.11/turn              (no ring)

@: very slightly contaminated, very slow
A: large, see invisible, deformed body, poison resistance, slowness 2, slow
metabolism 1, spit poison 1, AC +1
a: Spit Poison


You were on level 4 of the Dungeon.
You were not hungry.

You visited 1 branch of the dungeon, and saw 4 of its levels.

You collected 62 gold pieces.

Inventory:

Hand Weapons
 e - a +0 falchion (weapon)
Armour
 a - a +0 robe (worn)
 d - a +2 helmet (worn)
Comestibles
 c - a ration


   Skills:
 - Level 1.5 Dodging
 - Level 3.0 Stealth
 - Level 3.1 Spellcasting
 - Level 1.0 Conjurations
 + Level 4.8 Air Magic


You had 7 spell levels left.
You knew the following spells:

 Your Spells              Type           Power        Failure   Level  Hunger
a - Shock                 Conj/Air       ##..         5%          1    None
b - Swiftness             Chrm/Air       ##......     10%         2    ##.....

Your spell library contained the following spells:

 Spells                   Type           Power        Failure   Level  Hunger
 Static Discharge         Conj/Air       ##......     16%         3    ###....
 Airstrike                Air            ###.......   24%         4    ####...
 Lightning Bolt           Conj/Air       ##........   82%         5    ######.


Dungeon Overview and Level Annotations

Branches:
Dungeon (4/15)
 Temple: D:4-7

Altars:
Trog


Innate Abilities, Weirdness & Mutations

You cannot wear boots.
Your serpentine skin is tough. (AC +1)
You have supernaturally acute eyesight. (SInv)
Armour fits poorly on your strangely shaped body.
Your system is resistant to poisons. (rPois)
You cover ground very slowly.
You have a slow metabolism.
You can spit poison.


Message History

* * * LOW HITPOINT WARNING * * *
Press: ? - help, Shift-Dir - straight line, f - hound
Aim: a hound (heavily wounded)
You fail to use your ability.
The hound bites you but does no damage.
You aren't carrying any potions.
Unknown command.
You barely miss the hound.
The hound is heavily wounded.
The hound bites you.
* * * LOW HITPOINT WARNING * * *
The hound misses you.
Casting: Shock (safe; 5% risk of failure)
Confirm with . or Enter, or press ? or * to list all spells.
Aiming: Shock (safe; 5% risk of failure)
Press: ? - help, Shift-Dir - straight line, f/p - hound
Aim: a hound (heavily wounded)
You miscast Shock.
Nothing appears to happen.
The hound bites you.
* * * LOW HITPOINT WARNING * * *
The hound bites you.
You die...

#..........
#...#######
#...########
#####...........
........############..
.######.#............#
#........# ###.####h#
########.# #@#
.........# #.#
#######..####.#
#........# #...######
#...# #...# #....
)..##


You could see a hound.

Vanquished Creatures
  A howler monkey (D:4)
  A centaur skeleton (D:4)
  3 adders
  5 orcs (D:3)
  2 giant cockroaches
  7 goblins (D:2)
  2 hobgoblins (D:2)
  A frilled lizard (D:2)
  A rat (D:2)
23 creatures vanquished.

Notes
Turn   | Place    | Note
-------+----------+-------------------------------------------
     0 | D:1      | Lavandula the Naga Air Elementalist began the quest for the
                  | Orb.
     0 | D:1      | Reached XP level 1. HP: 15/15 MP: 3/3
    37 | D:2      | Reached XP level 2. HP: 21/22 MP: 0/5
   138 | D:2      | Found a bloodstained altar of Trog.
   153 | D:2      | Reached XP level 3. HP: 26/28 MP: 3/7
   217 | D:2      | Learned a level 2 spell: Swiftness
   482 | D:4      | Reached skill level 4 in Air Magic
   482 | D:4      | Reached XP level 4. HP: 22/36 MP: 2/8
   490 | D:4      | Reached XP level 5. HP: 8/42 MP: 0/9
   493 | D:4      | HP: 2/42 [hound (1)]
   494 | D:4      | Slain by a hound

Vault maps used:
D:1:      scummos_arrival_forest
D:2:      lemuel_doored_altar, uniq_terence, uniq_robin
D:3:      lemuel_crystal_altar, minitemple,
          chequers_ecumenical_altar_simple_redux, first_ration, dk_vineyard_3,
          chequers_serial_rivers_micro_a, uniq_jessica

Skill      XL: |  1  2  3 |
---------------+----------+-----
Spellcasting   | 3 |  3.1
Air Magic      | 4 |  4.8
Dodging        | |  1.5
Stealth        | |  3.0
Conjurations   | |  1.0

Action                   |  1- 3 |  4- 6 || total
-------------------------+-------+-------++-------
Melee: Falchion          |       |     4 ||     4
 Cast: Shock             |    32 |     3 ||    35
 Abil: Spit Poison       |    10 |       ||    10
  Use: Scroll            |       |     1 ||     1
Armor: Robe              |     2 |     4 ||     6
Dodge: Dodged            |    12 |     4 ||    16
       Rpst.: Falchion   |       |     1 ||     1

Table legend:
 A = Non-vault XP
 B = Vault XP
 C = Vault XP percentage of total XP
 D = Non-vault monster count
 E = Vault monster count
 F = Vault count percentage of total count
                 A         B        C        D         E       F
            +---------+---------+-------+---------+---------+-------
      Total |     158 |      12 |   7.1 |      17 |       6 |  26.1
            +---------+---------+-------+---------+---------+-------
        D:2 |      37 |      12 |  24.5 |       8 |       6 |  42.9
        D:3 |      30 |       0 |   0.0 |       7 |       0 |   0.0
        D:4 |      91 |       0 |   0.0 |       2 |       0 |   0.0
            +---------+---------+-------+---------+---------+-------
